 Dungeon Crawl Stone Soup version 0.20.1-1-g8b1a95d (webtiles) character file.

424 HammerPanzer the Cudgeler (level 6, -3/48 HPs)
             Began as a Demonspawn Berserker on Oct 28, 2017.
             Was a Priest of Trog.
             Slain by Irenicus's ghost (8 damage)
             ... on level 5 of the Dungeon.
             The game lasted 00:18:03 (4789 turns).

HammerPanzer the Cudgeler (Demonspawn Berserker)    Turns: 4789, Time: 00:18:04

Health: -3/48      AC: 11    Str: 24    XL:     6   Next: 64%
Magic:  6/6        EV:  3    Int:  9    God:    Trog [***...]
Gold:   129        SH: 12    Dex: 12    Spells: 5/5 levels left

rFire    . . .     SeeInvis .   v - +0 flail
rCold    . . .     Gourm    .   g - +0 large shield
rNeg     . . .     Faith    .   n - +0 chain mail
rPois    .         Spirit   .   (no helmet)
rElec    .         Reflect  .   e - +2 cloak
rCorr    +         Harm     .   (no gloves)
MR       .....                  (no boots)
Stlth    ..........             k - amulet of inaccuracy (curse)
Regen    0.2/turn               b - ring of resist corrosion
MPRegen  0.1/turn               (no ring)

@: mighty, berserk cooldown
A: claws 1, talons 1, powered by pain 2, spiny 1
a: Berserk, Trog's Hand, Burn Spellbooks, Renounce Religion


You were on level 5 of the Dungeon.
You worshipped Trog.
Trog was most pleased with you.
You were very hungry.

You visited 1 branch of the dungeon, and saw 5 of its levels.

You collected 129 gold pieces.

Inventory:

Hand Weapons
 v - a +0 flail (weapon)
Armour
 e - a +2 cloak (worn)
 g - a +0 large shield (worn)
 n - a +0 chain mail (worn)
Jewellery
 b - a ring of resist corrosion (left claw)
 k - a cursed amulet of inaccuracy (around neck)
Scrolls
 a - 2 scrolls of identify
 d - 3 scrolls of teleportation
 i - 7 scrolls of remove curse
 r - a scroll of enchant armour {unknown}
 s - a scroll of recharging {unknown}
 u - a scroll of fear
Potions
 f - a potion of mutation {unknown}
 l - a potion of lignification {unknown}
 m - a potion of cancellation {unknown}
 o - 2 potions of brilliance
 q - a potion of might
 t - 2 potions of flight
Books
 h - a book of Minor Magic

   Spells                             Type                      Level
   a - Magic Dart                     Conjuration                  1
   b - Blink                          Translocation                2
   c - Call Imp                       Summoning                    2
   d - Slow                           Hexes                        2
   e - Conjure Flame                  Conjuration/Fire             3
   f - Mephitic Cloud                 Conjuration/Poison/Air       3
   Trog disapproves of the use of such an item.
Comestibles
 c - 4 bread rations
 w - a meat ration


   Skills:
 + Level 4.0 Fighting
 * Level 6.3 Maces & Flails
 - Level 1.7 Armour
 - Level 1.7 Dodging
 + Level 1.2 Stealth


You had 5 spell levels left.
You didn't know any spells.

Dungeon Overview and Level Annotations

Branches:
Dungeon (5/15)
 Temple: D:4-7

Altars:
Vehumet
Yredelemnul

Annotations:
D:5 Irenicus's ghost, novice MfGl


Innate Abilities, Weirdness & Mutations

You have sharp fingernails.
You have sharp toenails.
You sometimes gain power by taking damage.
You are partially covered in sharp spines.


Message History

Irenicus's ghost is lightly damaged.
Irenicus's ghost hits you but does no damage.
Irenicus's ghost is struck by your spines.
Irenicus's ghost hits you!
* * * LOW HITPOINT WARNING * * *
You feel better. You block Irenicus's ghost's attack. x2
You miss Irenicus's ghost.
Irenicus's ghost is lightly damaged.
You block Irenicus's ghost's attack. Irenicus's ghost hits you.
* * * LOW HITPOINT WARNING * * *
You're still recovering from your berserk rage.
You completely miss Irenicus's ghost. Your kick misses Irenicus's ghost.
Irenicus's ghost is lightly damaged.
You feel yourself speed up. Irenicus's ghost hits you.
* * * LOW HITPOINT WARNING * * *
You miss Irenicus's ghost.
Irenicus's ghost is lightly damaged.
Irenicus's ghost hits you!
You die...

#[....#
#.....#
#.....#
#....?#
#.....#
#.....#
#..W..#
#!.@..#
#######


You could see Irenicus's ghost.

Vanquished Creatures
  A phantom (D:4)
  An ogre (D:4)
  An iguana (D:4)
  A worker ant (D:4)
  A howler monkey skeleton (D:4)
  3 adders
  7 gnolls (D:4)
  A worm (D:3)
  A dart slug (D:1)
  A leopard gecko (D:2)
  An orc (D:4)
  5 giant cockroaches
  8 goblins
  8 hobgoblins
  12 jackals
  15 kobolds
  A quokka (D:4)
  A ball python (D:2)
  A ball python skeleton (D:4)
  13 bats
  2 frilled lizards
  13 rats
98 creatures vanquished.

Vanquished Creatures (others)
  5 toadstools (D:1)
5 creatures vanquished.

Grand Total: 103 creatures vanquished

Notes
Turn   | Place    | Note
-------+----------+-------------------------------------------
     0 | D:1      | HammerPanzer the Demonspawn Berserker began the quest for the Orb.
     0 | D:1      | Reached XP level 1. HP: 18/18 MP: 1/1
   151 | D:1      | Reached skill level 3 in Maces & Flails
   387 | D:1      | Gained mutation: You have sharp toenails. [demonic ancestry]
   387 | D:1      | Reached XP level 2. HP: 21/24 MP: 2/2
   754 | D:2      | Reached ** piety under Trog
   801 | D:2      | Gained mutation: You sometimes gain a little power by taking damage. [demonic ancestry]
   801 | D:2      | Reached XP level 3. HP: 29/29 MP: 3/3
  1633 | D:2      | Reached skill level 4 in Maces & Flails
  1958 | D:2      | Found a radiant altar of Vehumet.
  2082 | D:2      | Gained mutation: You have sharp fingernails. [demonic ancestry]
  2082 | D:2      | Reached XP level 4. HP: 31/35 MP: 4/4
  2297 | D:3      | Reached skill level 1 in Stealth
  3139 | D:4      | Found a basalt altar of Yredelemnul.
  3267 | D:4      | Reached *** piety under Trog
  3362 | D:4      | Gained mutation: You are partially covered in sharp spines. [demonic ancestry]
  3362 | D:4      | Reached XP level 5. HP: 35/41 MP: 5/5
  3475 | D:4      | Reached skill level 5 in Maces & Flails
  3954 | D:4      | Noticed a phantom
  4045 | D:4      | Killed a phantom
  4045 | D:4      | Gained mutation: You sometimes gain power by taking damage. [demonic ancestry]
  4045 | D:4      | Reached XP level 6. HP: 29/48 MP: 6/6
  4170 | D:5      | Entered Level 5 of the Dungeon
  4237 | D:4      | Reached skill level 6 in Maces & Flails
  4757 | D:5      | Noticed Irenicus's ghost (novice MfGl)
  4789 | D:5      | Slain by Irenicus's ghost

Skill      XL: |  1  2  3  4  5  6 |
---------------+-------------------+-----
Maces & Flails | 3 4 5 6 |  6.3
Stealth        | 1 |  1.2
Fighting       | 4 |  4.0
Armour         | |  1.7
Dodging        | |  1.7

Action                   |  1- 3 |  4- 6 || total
-------------------------+-------+-------++-------
Melee: Mace              |   156 |   121 ||   277
       Kick              |    25 |    46 ||    71
       Flail             |       |   121 ||   121
Invok: Berserk           |       |     6 ||     6
  Use: Scroll            |       |    12 ||    12
       Potion            |       |     3 ||     3
  Eat: Chunk             |     4 |     7 ||    11
       Meat ration       |       |     1 ||     1
       Fruit             |       |     1 ||     1
Armor: Animal skin       |    29 |       ||    29
       Ring mail         |    38 |    14 ||    52
       Chain mail        |       |   129 ||   129
Dodge: Dodged            |    42 |    25 ||    67
Block: Large shield      |   113 |   171 ||   284
